AoeStats
← CazadorGT

Arabia

506883863Analyzed
2v2 RM · 18d ago on Sep 15, 2026· 37m 3s· 4 players
Game mode
Random Map
Map size
Medium (4 player)
Population
200
Speed
Normal
Resources
Standard
Victory
Conquest
Starting age
Dark Age
Ending age
Imperial Age
RankedLock teamsTeams togetherTeam positionsShared explorationLock speedFull tech treeHidden civsTurbo modeCheats
Victory
Defeat
🇬🇹 Maya · Guatemala
1223
+12
🇬🇹 Huns · Guatemala
1133
+16
🇦🇷 Shu · Argentina
1225
-18
🇦🇷 Byzantines · Argentina
1035
-10
Greengetawn
6:09 Loom
9:47 Feudal Age
14:45 Fletching
17:49 Town Watch
24:57 Castle Age
23:02 Gold Mining
23:13 Double-Bit Axe
24:33 Stone Mining
24:54 Padded Archer Armor
25:02 Pikeman
25:50 Bodkin Arrow
26:51 Crossbowman
29:02 Thumb Ring
30:22 Arson
32:15 Squires
34:42 Scale Mail Armor
35:48 Leather Archer Armor
36:48 Forging
37:10 Chain Mail Armor
francolopre
8:17 Loom
10:39 Feudal Age
11:35 Double-Bit Axe
13:54 Horse Collar
20:09 Castle Age
19:35 Fletching
19:45 Padded Archer Armor
19:57 Gold Mining
21:07 Bow Saw
21:23 Heavy Plow
21:28 Husbandry
20:54 Elite Skirmisher
25:22 Ballistics
27:20 Wheelbarrow
28:20 Bodkin Arrow
CazadorGT
6:42 Loom
9:07 Feudal Age
10:52 Double-Bit Axe
12:31 Forging
14:21 Horse Collar
15:44 Scale Barding Armor
22:44 Bloodlines
25:50 Castle Age
24:34 Fletching
24:52 Gold Mining
27:10 Chain Barding Armor
27:23 Bow Saw
27:40 Town Watch
28:35 Iron Casting
30:01 Bodkin Arrow
37:14 Husbandry
Fabrizio
0:28 Loom
9:26 Feudal Age
9:56 Double-Bit Axe
12:04 Wheelbarrow
13:46 Town Watch
18:17 Horse Collar
19:29 Fletching
23:10 Castle Age
23:05 Padded Archer Armor
23:40 Crossbowman
24:44 Bodkin Arrow
25:05 Leather Archer Armor
25:15 Bow Saw
27:37 Hand Cart
28:15 Ballistics
33:37 Thumb Ring
Connection lost

Rejoining the realm…

Still unreachable

The connection could not be restored.

Session expired

The server has moved on; the page needs a fresh start.